 Dungeon Crawl Stone Soup version 0.28.0-49-g6dfe1f597d (webtiles) character file.

Game seed: 11617055386437596747

151 Gabide the Poker (level 5, -3/41 HPs)
             Began as a Human Monk on May 12, 2022.
             Slain by Grinder (5 damage)
             ... on level 3 of the Dungeon.
             The game lasted 00:04:41 (3036 turns).

Gabide the Poker (Human Monk)                       Turns: 3036, Time: 00:04:42

Health: -3/41      AC: 10    Str: 14    XL:     5   Next: 59%
Magic:  5/5        EV: 11    Int: 10    God:
Gold:   101        SH:  0    Dex: 15    Spells: 4/4 levels left

rFire   . . .      SeeInvis .   a - +1 spear
rCold   . . .      Faith    +   (no shield)
rNeg    . . .      Spirit   .   k - +1 ring mail
rPois   .          Reflect  .   h - +2 helmet
rElec   .          Harm     .   (no cloak)
rCorr   .          Rampage  .   (no gloves)
Will    .....                   i - +0 pair of boots
Stlth   +.........              g - amulet of faith
HPRegen 0.13/turn               (no ring)
MPRegen 0.09/turn               (no ring)

@: mighty
A: no striking features
a: no special abilities


You were on level 3 of the Dungeon.
You visited 1 branch of the dungeon, and saw 3 of its levels.

You collected 101 gold pieces.

Inventory:

Hand Weapons
 a - a +1 spear (weapon)
Armour
 h - a +2 helmet (worn)
 i - a +0 pair of boots (worn)
 k - a +1 ring mail (worn)
Jewellery
 g - an amulet of faith (around neck)
Potions
 c - a potion of attraction
 j - 2 potions of brilliance


   Skills:
 - Level 3.0 Fighting
 + Level 4.9 Polearms
 * Level 2.8 Armour
 - Level 3.0 Dodging
 - Level 2.0 Stealth


You had 4 spell levels left.
You didn't know any spells.
Your spell library contained the following spells:

 Spells                   Type           Power      Damage    Failure   Level
 Corpse Rot               Necr/Air       0%         N/A       75%         2
 Dispel Undead            Necr           0%         3d6       100%        4
 Death Channel            Necr           0%         N/A       100%        6


Dungeon Overview and Level Annotations

Branches:
Dungeon (3/15)

Altars:
Cheibriados

Shops:
D:1 (

Annotations:
D:2 Sigmund
D:3 Grinder


Message History

Grinder gestures at you.
You shrug off the repeated paralysis!
You hit Grinder.
Grinder is moderately wounded.
Grinder gestures at you. You resist with significant effort.
You barely miss Grinder.
Grinder is moderately wounded.
Grinder closely misses you.
You hit Grinder.
Grinder is moderately wounded.
Grinder barely misses you.
You hit Grinder.
Grinder is moderately wounded.
Grinder gestures at you. Pain shoots through your body!
* * * LOW HITPOINT WARNING * * *
You aren't carrying any scrolls.
It was a potion of might.
You feel very mighty all of a sudden.
You feel better. Grinder hits you.
* * * LOW HITPOINT WARNING * * *
You writhe in agony.
* * * LOW HITPOINT WARNING * * *
You closely miss Grinder.
Grinder is moderately wounded.
Grinder hits you.
* * * LOW HITPOINT WARNING * * *
You writhe in agony.
* * * LOW HITPOINT WARNING * * *
You puncture Grinder!
Grinder is heavily wounded.
Grinder hits you.
* * * LOW HITPOINT WARNING * * *
You writhe in agony.
* * * LOW HITPOINT WARNING * * *
You closely miss Grinder.
Grinder is heavily wounded.
Grinder hits you.
You die...

.. #.......# ...
#..###### .5.
#..#....####### ..
#.............#
#.###.#.##.#####.#
#.....#.##.# #.#
#######.##.# #.#
#5##(# #.#
#@##.#####.#
#.##.......#
#.########## #.#
#.# #.# #.# #.#


You could see Grinder.

Vanquished Creatures
  An orc priest (D:3)
  Terence (D:2)
  4 adders
  2 dart slugs
  4 orcs (D:3)
  3 ball pythons
  4 bats
  2 giant cockroaches (D:1)
  8 goblins
  7 hobgoblins
  2 quokkas (D:1)
  A frilled lizard (D:3)
  8 kobolds
  5 rats
52 creatures vanquished.

Vanquished Creatures (others)
  2 plants (D:3)
2 creatures vanquished.

Grand Total: 54 creatures vanquished

Notes
Turn   | Place    | Note
-------+----------+-------------------------------------------
     0 | D:1      | Gabide the Human Monk began the quest for the Orb.
     0 | D:1      | Reached XP level 1. HP: 18/18 MP: 1/1
   346 | D:1      | Reached XP level 2. HP: 10/24 MP: 2/2
   837 | D:1      | Found Tenkia's Weapon Shop.
   956 | D:1      | Reached skill level 4 in Polearms
   956 | D:1      | Reached XP level 3. HP: 29/29 MP: 3/3
  1072 | D:1      | Found a faded altar of an unknown god.
  1756 | D:2      | Noticed Sigmund
  1772 | D:2      | Reached skill level 1 in Armour
  1772 | D:2      | Reached XP level 4. HP: 23/35 MP: 4/4
  1986 | D:2      | Noticed Terence
  2010 | D:2      | Killed Terence
  2011 | D:2      | Found a snail-covered altar of Cheibriados.
  2258 | D:3      | Reached XP level 5. HP: 41/41 MP: 5/5
  2993 | D:3      | Noticed Grinder
  3006 | D:3      | Paralysed by Grinder for 7 turns
  3019 | D:3      | Paralysed by Grinder for 5 turns
  3035 | D:3      | HP: 2/41 [Grinder (2)]
  3036 | D:3      | Slain by Grinder

Illustrated notes

Levels and vault maps discovered:
D:1:      grunt_arrival_crossed_arrows, layout_loops_ring,
          hellmonk_ecumenical_altar_arch_garden, serial_shops,
          nicolae_shop_stone
D:2:      layout_rooms, basic_altar, uniq_sigmund, uniq_terence
D:3:      cheibrodos_old_hovel, layout_basic, gammafunk_ghost_smash,
          st_stairs_8, uniq_grinder

Skill      XL: |  1  2  3  4 |
---------------+-------------+-----
Polearms       | 4 |  4.9
Armour         | 1 2 |  2.8
Fighting       | |  3.0
Dodging        | |  3.0
Stealth        | |  2.0

Action                   |  1- 3 |  4- 6 || total
-------------------------+-------+-------++-------
Melee: Spear             |   112 |   119 ||   231
  Use: Scroll            |     2 |     4 ||     6
       Potion            |       |     2 ||     2
 Stab: Sleeping          |     2 |       ||     2
Armor: Robe              |    10 |       ||    10
       Ring mail         |     7 |    45 ||    52
Dodge: Dodged            |    51 |    48 ||    99
